 Dungeon Crawl Stone Soup version 0.30-a0-953-g5f1da4a474 (webtiles) character file.

Game seed: 17864097143066594610

721 PimpSugar the Magician (level 7, -1/50 HPs)
             Began as a Demonspawn Hedge Wizard on Mar 28, 2023.
             Was an Initiate of Sif Muna.
             Killed from afar by a white imp (7 damage)
             ... with a puff of frost
             ... on level 5 of the Dungeon.
             The game lasted 00:13:20 (3617 turns).

PimpSugar the Magician (Demonspawn Hedge Wizard)    Turns: 3617, Time: 00:13:20

Health: -1/50      AC:  4    Str: 10    XL:     7   Next: 43%
Magic:  13/13      EV: 12    Int: 18    God:    Sif Muna [......]
Gold:   204        SH:  0    Dex: 14    Spells: 8/14 levels left

rFire   + . .      SeeInvis .    v - +3 spear "Spiderslayer" {speed, +Blink rF+ Dex+2}
rCold   . . .      Faith    .    (no shield)
rNeg    . . .      Spirit   .    b - +0 robe
rPois   .          Reflect  .    c - +0 hat
rElec   .          Rampage  .    (no cloak)
rCorr   .                        (no gloves)
Will    .....                    (no boots)
Stlth   ++                       q - amulet of magic regeneration
HPRegen 0.28/turn                (no ring)
MPRegen 0.53/turn                (no ring)

@: no status effects
A: hooves 1, sharp scales 2
a: Renounce Religion, Evoke Blink


You were on level 5 of the Dungeon.
You worshipped Sif Muna.
Sif Muna was noncommittal.
You visited 1 branch of the dungeon, and saw 5 of its levels.

You collected 204 gold pieces.

Inventory:

Hand Weapons
 a - a +0 dagger of freezing
 e - a +2 dagger of venom
 t - a +0 spear
 v - the +3 spear "Spiderslayer" (weapon) {speed, +Blink rF+ Dex+2}
   (You found it on level 3 of the Dungeon)

   Dex:       It affects your dexterity (+2).
   rF:        It protects you from fire.
   +Blink:    It lets you blink.
 x - a +0 arbalest
 F - a +1 short sword of speed
Missiles
 f - 37 stones
 h - 4 poisoned darts
 s - a throwing net
 w - 2 boomerangs
Armour
 b - a +0 robe (worn)
 c - a +0 hat (worn)
Magical Staves
 y - a staff of fire
Jewellery
 l - an amulet of the acrobat
 q - an amulet of magic regeneration (around neck)
Scrolls
 g - 2 scrolls of silence
 u - a scroll of teleportation
 B - a scroll of acquirement {unknown}
 C - a scroll of poison {unknown}
 E - a scroll of enchant armour {unknown}
Potions
 d - 2 potions of magic
 i - a potion of brilliance {unknown}
 j - a potion of curing
 k - a potion of might
 m - 2 potions of berserk rage {unknown}
 p - 3 potions of degeneration
 r - 2 potions of heal wounds {unknown}
 z - a potion of resistance {unknown}
 A - a potion of lignification {unknown}
 D - a potion of haste {unknown}


   Skills:
 + Level 2.2 Fighting
 + Level 1.0 Polearms
 + Level 2.7 Dodging
 + Level 3.0 Stealth
 * Level 4.2 Spellcasting
 * Level 3.4 Conjurations
 + Level 1.8 Hexes
 + Level 2.3 Summonings
 + Level 2.2 Translocations
 + Level 1.1 Fire Magic
 + Level 1.7 Invocations
 + Level 1.2 Evocations


You had 8 spell levels left.
You knew the following spells:

 Your Spells              Type           Power      Damage    Failure   Level
a - Magic Dart            Conj           64%        1d6       3%          1
b - Call Imp              Summ           12%        N/A       9%          2
d - Slow                  Hex            40%        N/A       7%          1
e - Blink                 Tloc           22%        N/A       9%          2

Your spell library contained the following spells:

 Spells                   Type           Power      Damage    Failure   Level
 Ensorcelled Hibernation  Hex/Ice        14%        N/A       16%         2
 Cigotuvi's Dreadful Rot  Necr/Pois/Air  6%         N/A       22%         2
 Kindle Blastsparks       Fire/Tloc/Air  14%        2d11      26%         3
 Mephitic Cloud           Conj/Pois/Air  7%         N/A       26%         3
 Ignite Poison            Fire/Tmut/Pois 5%         N/A       36%         3
 Spider Form              Tmut/Pois      3%         N/A       41%         3
 Anguish                  Hex/Necr       3%         N/A       69%         4
 Freezing Cloud           Conj/Ice/Air   3%         6-21      94%         5


Dungeon Overview and Level Annotations

Branches:
Dungeon (5/15)
 Temple: D:4-7

Altars:
Dithmenos
Sif Muna

Shops:
D:4 (


Innate Abilities, Weirdness & Mutations

You have large cloven feet.
You are mostly covered in razor-sharp scales. (AC +2, Slay +2)


Message History

Casting: Blink (safe; 9% risk of failure)
Confirm with . or Enter, or press ? or * to list all spells.
Aiming: Slow (safe; 7% risk of failure)
Press: ? - help, Shift-Dir - straight line, f - scorpion, p - white imp
Aim: a scorpion (heavily wounded, chance to affect: 44%)
The scorpion seems to slow down.
You hit the scorpion.
You kick the scorpion, but do no damage.
The scorpion is almost dead.
You feel stable enough to blink again. The scorpion stings you.
Your crimson imp blinks!
You hit the scorpion.
You kick the scorpion, but do no damage.
The scorpion is almost dead.
You hit the scorpion.
You kill the scorpion!
Sif Muna accepts your kill.
Your Polearms skill increases to level 1!
Your Stealth skill increases to level 3!
You closely miss the white imp.
You kick the white imp, but do no damage.
The white imp is lightly wounded.
The white imp gestures at you. The puff of frost hits you.
* * * LOW HITPOINT WARNING * * *
Casting: Slow (safe; 7% risk of failure)
Confirm with . or Enter, or press ? or * to list all spells.
Aiming: Slow (safe; 7% risk of failure)
Press: ? - help, Shift-Dir - straight line The white imp resists with significant effort.
The white imp hits you but does no damage.
The white imp gestures at you. The puff of frost hits you!
* * * LOW HITPOINT WARNING * * *
You see here a potion of curing.
j - a potion of curing The white imp gestures at you.
The puff of frost hits you!
You die...

#..###.##....>...###
...............$.....
....#.............###
......##............## .
...#####........###..#..
##.# #>......#.##......
...#.....5.5[......
###................
#........@.......
#................
##......##.......
##..... #...##. ###.#.
#### #... . . .


You could see a white imp (ally target) and a friendly crimson imp (summoned).

Vanquished Creatures
  Eustachio (D:5)
  Menkaure (D:5)
  A phantom (D:5)
  2 scorpions (D:5)
  A hound (D:5)
  An orc priest (D:3)
  Jessica (D:3)
  4 adders
  2 gnolls (D:2)
  An ufetubus (D:5)
  A worm (D:2)
  4 dart slugs
  6 orcs
  5 endoplasms
  A giant cockroach (D:2)
  4 goblins
  5 hobgoblins
  6 jackals
  4 kobolds
  4 quokkas (D:2)
  9 ball pythons
  5 bats
  3 frilled lizards
  2 rats
74 creatures vanquished.

Vanquished Creatures (collateral kills)
  A gnoll (D:2)
  A worm (D:2)
  3 orcs (D:3)
  A bat (D:2)
  A giant cockroach (D:3)
  A hobgoblin (D:2)
  A ball python (D:2)
  A frilled lizard (D:2)
  A kobold (D:2)
11 creatures vanquished.

Grand Total: 85 creatures vanquished

Notes
Turn   | Place    | Note
-------+----------+-------------------------------------------
     0 | D:1      | PimpSugar the Demonspawn Hedge Wizard began the quest for
                  | the Orb.
     0 | D:1      | Reached XP level 1. HP: 13/13 MP: 4/4
   170 | D:1      | Reached skill level 1 in Translocations
   211 | D:1      | Found a faded altar of an unknown god.
   367 | D:1      | Gained mutation: You have large cloven feet. [demonic
                  | ancestry]
   367 | D:1      | Reached XP level 2. HP: 19/19 MP: 3/6
   702 | D:1      | Learned a level 2 spell: Call Imp
   705 | D:1      | Learned a level 2 spell: Blink
   707 | D:1      | Learned a level 1 spell: Slow
  1064 | D:2      | Gained mutation: You are partially covered in razor-sharp
                  | scales. (AC +1, Slay +1) [demonic ancestry]
  1064 | D:2      | Reached XP level 3. HP: 25/25 MP: 4/7
  1307 | D:2      | Reached skill level 1 in Fighting
  1373 | D:2      | Gained mutation: You are mostly covered in razor-sharp
                  | scales. (AC +2, Slay +2) [demonic ancestry]
  1373 | D:2      | Reached XP level 4. HP: 23/32 MP: 9/9
  2103 | D:3      | Noticed Jessica
  2115 | D:3      | Killed Jessica
  2116 | D:3      | Reached XP level 5. HP: 34/37 MP: 10/10
  2214 | D:3      | Reached skill level 1 in Hexes
  2493 | D:3      | Found a shimmering blue altar of Sif Muna.
  2502 | D:3      | Became a worshipper of Sif Muna the Loreminder
  2675 | D:3      | Identified the +3 spear "Spiderslayer" {speed, +Blink rF+
                  | Dex+2}
  2922 | D:4      | Found a shadowy altar of Dithmenos.
  3376 | D:4      | Found Deyck's Antique Weapon Boutique.
  3521 | D:5      | Entered Level 5 of the Dungeon
  3521 | D:5      | Noticed Eustachio
  3534 | D:5      | Killed Eustachio
  3535 | D:5      | Reached XP level 6. HP: 40/44 MP: 11/11
  3535 | D:5      | Noticed Menkaure
  3545 | D:5      | Killed Menkaure
  3546 | D:5      | Reached skill level 4 in Spellcasting
  3546 | D:5      | Reached skill level 1 in Invocations
  3557 | D:5      | Reached skill level 1 in Fire Magic
  3557 | D:5      | Reached skill level 1 in Evocations
  3557 | D:5      | Reached XP level 7. HP: 48/50 MP: 13/13
  3613 | D:5      | Reached skill level 1 in Polearms
  3617 | D:5      | Killed from afar by a white imp

Illustrated notes

Levels and vault maps discovered:
D:1:      minmay_arrival_open_corners, layout_rooms,
          chequers_ecumenical_altar_simple_redux
D:2:      layout_basic, chequers_decorated_corner, kennysheep_cluttered_room
D:3:      layout_loops_ring, led_sif_pool, uniq_jessica
D:4:      layout_loops_ring, kennysheep_little_box, serial_shops,
          nicolae_shop_crystal, minivault_19
D:5:      layout_rooms, minmay_temple_entry_trees, st_stairs_3, uniq_eustachio,
          uniq_grinder, uniq_menkaure, uniq_prince_ribbit1

Skill      XL: |  1  2  3  4  5  6  7 |
---------------+----------------------+-----
Translocations | 1 2 |  2.2
Stealth        | 2 3 |  3.0
Dodging        | 2 |  2.7
Fighting       | 1 2 |  2.2
Conjurations   | 2 3 |  3.4
Hexes          | 1 |  1.8
Summonings     | 2 |  2.3
Spellcasting   | 4 |  4.2
Invocations    | 1 |  1.7
Fire Magic     | 1 |  1.1
Evocations     | 1 |  1.2
Polearms       | 1 |  1.0

Action                     |  1- 3 |  4- 6 |  7- 9 || total
---------------------------+-------+-------+-------++-------
  Melee: Dagger            |    61 |    49 |       ||   110
         Kick              |    19 |    20 |    10 ||    49
         Punch             |     1 |       |       ||     1
         Spear             |       |    54 |    26 ||    80
   Cast: Magic Dart        |    55 |    20 |     2 ||    77
         Call Imp          |     7 |     7 |     1 ||    15
         Slow              |     1 |     4 |     2 ||     7
         Blink             |       |       |     1 ||     1
    Use: Potion            |     1 |     2 |     1 ||     4
         Scroll            |       |     9 |       ||     9
   Stab: Sleeping          |       |     3 |       ||     3
 Armour: Robe              |    11 |    26 |     4 ||    41
  Dodge: Dodged            |    61 |    50 |    17 ||   128

Table legend: (Time is in decaauts)
 A = Elapsed time spent in this place.
 B = Non-inter-level travel time spent in this place.
 C = Inter-level travel time spent in this place.
 D = Time resting spent in this place.
 E = Time spent auto-exploring this place.
 F = Levels seen in this place.
 G = Mean time per level.
                   A        B        C        D        E       F      G
               +--------+--------+--------+--------+--------+-----+--------+
         Total |   3593 |   3406 |    187 |    341 |   2022 |   5 |  718.6 |
       Dungeon |   3593 |   3406 |    187 |    341 |   2022 |   5 |  718.6 |
               +--------+--------+--------+--------+--------+-----+--------+

Top non-repeatable levels by time:
     D:2: 1254 daAuts
     D:3: 768 daAuts
     D:4: 756 daAuts
     D:1: 732 daAuts
     D:5: 81 daAuts
